 Dungeon Crawl Stone Soup version 0.30.1-4-g462c640d31 (webtiles) character file.

Game seed: 6257534896952038932

2130 spardeous the Destroyer (level 8, -5/57 HPs)
             Began as a Demigod Conjurer on Aug 10, 2023.
             Killed by miscasting Iskenderun's Mystic Blast (15 damage)
             ... on level 6 of the Dungeon on Aug 11, 2023.
             The game lasted 00:11:16 (9758 turns).

spardeous the Destroyer (Demigod Conjurer)          Turns: 9758, Time: 00:11:17

Health: -5/57      AC: 10    Str:  8    XL:     8   Next: 82%
Magic:  0/16       EV: 13    Int: 28    God:
Gold:   320        SH:  0    Dex: 18    Spells: 7/14 levels left

rFire   . . .        k - +2 dagger (vamp)
rCold   . . .        (no shield)
rNeg    . . .        y - +3 scale mail {Will+}
rPois   .            x - +0 helmet
rElec   .            (no cloak)
rCorr   .            (no gloves)
SInv    .            (no boots)
Will    +....        (no amulet)
Stlth   +            i - +6 ring of dexterity
HPRegen 0.29/turn    t - +5 ring of evasion
MPRegen 0.15/turn

%: no passive effects
@: very slightly contaminated
A: high MP 1, forlorn, divine attributes
a: no special abilities


You were on level 6 of the Dungeon.
You visited 1 branch of the dungeon, and saw 6 of its levels.
You also visited: Sewer.

You collected 320 gold pieces.

Inventory:

Hand Weapons
 d - a +0 club
 k - a +2 vampiric dagger (weapon)
Armour
 a - a +0 robe
 j - a +1 robe of willpower
 o - a +1 ring mail of cold resistance
 x - a +0 helmet (worn)
 y - a +3 scale mail of willpower (worn)
Jewellery
 i - a +6 ring of dexterity (left hand)
 t - a +5 ring of evasion (right hand)
 u - an amulet of reflection
 E - a ring of protection from cold
Wands
 r - a wand of polymorph (6)
Scrolls
 f - a scroll of immolation
 h - 2 scrolls of identify {unknown}
 n - 2 scrolls of poison {unknown}
 p - 2 scrolls of vulnerability {unknown}
 q - a scroll of fog {unknown}
 s - a scroll of enchant weapon {unknown}
 w - a scroll of amnesia {unknown}
 z - a scroll of noise {unknown}
 A - a scroll of teleportation {unknown}
 B - a scroll of brand weapon {unknown}
 D - a scroll of torment {unknown}
Potions
 b - 2 potions of magic
 c - 6 potions of curing {unknown}
 e - a potion of heal wounds
 g - 2 potions of flight {unknown}
 l - 3 potions of haste {unknown}
 m - a potion of experience {unknown}
 v - a potion of brilliance {unknown}
 C - 2 potions of cancellation {unknown}


   Skills:
 - Level 1.7 Dodging
 - Level 1.7 Stealth
 + Level 3.7 Spellcasting
 - Level 8.0 Conjurations
 - Level 7.4 Translocations


You had 7 spell levels left.
You knew the following spells:

 Your Spells              Type           Power      Damage    Failure   Level
a - Magic Dart            Conj           100%       1d8       3%          1
b - Searing Ray           Conj           100%       2d8       4%          2
c - Iskenderun's Mystic   Conj/Tloc      48%        2d11      32%         4

Your spell library contained the following spells:

 Spells                   Type           Power      Damage    Failure   Level
 Dazzling Flash           Conj/Hex       54%        N/A       41%         3
 Fulminant Prism          Conj/Hex       13%        3d8       83%         4


Dungeon Overview and Level Annotations

Branches:
Dungeon (6/15)             Temple (0/1) D:6           Sewer (visited)


Innate Abilities, Weirdness & Mutations

You have an increased reservoir of magic. (+10% MP)
You shall have no god before yourself.
Your divine heritage dramatically boosts your attributes as you level up.


Message History

The searing ray hits the gnoll!
The gnoll is almost dead.
The searing ray hits the wight!
The wight is severely damaged. (Press . to maintain the ray.)
The orc warrior closely misses you.
The gnoll hits you from afar with a +0 spear.
You take 1 damage, and have 43/57 hp.
You now have 9/16 mp.
The searing ray hits the orc warrior!
The orc warrior is severely wounded.
The searing ray hits the gnoll!
You kill the gnoll!
The searing ray misses the wight.
The orc warrior hits you with a +0 mace!
You take 12 damage, and have 31/57 hp.
MASSIVE DAMAGE!!
You now have 8/16 mp.
The searing ray hits the orc warrior!
The orc warrior is almost dead.
The searing ray hits the gnoll.
The gnoll is moderately wounded.
The searing ray hits the wight!
You destroy the wight!
The gnoll hits you from afar with a +0 spear.
The orc warrior hits you with a +0 mace.
You take 5 damage, and have 26/57 hp.
You now have 7/16 mp.
Casting: Searing Ray (safe; 4% risk of failure)
Confirm with . or Enter, or press ? or * to list all spells.
The spell is quite dangerous to miscast (32% risk of failure)!
Continue anyway?
You miscast Iskenderun's Mystic Blast.
You are very lightly contaminated with residual magic.
A wave of violent energy washes through your body!
* * * LOW HITPOINT WARNING * * *
The gnoll barely misses you.
The orc warrior hits you with a +0 mace!
* * * LOW HITPOINT WARNING * * *
You take 16 damage, and have 10/57 hp.
MASSIVE DAMAGE!!
You now have 4/16 mp.
Casting: Iskenderun's Mystic Blast (quite dangerous; 32% risk of failure)
Confirm with . or Enter, or press ? or * to list all spells.
The spell is quite dangerous to miscast (32% risk of failure)!
Continue anyway?
You miscast Iskenderun's Mystic Blast.
Sparks fly from your hands!
You die...

############# ..
.........##.### ##.#
..............###...#
.###..........#....#
##..............#
##@#...........#
#o##..........#
#g##..........#
o)##.<........#
...#....#......###
g#...............P.
.##..##.............
.. ..................
.z ..##.#.....#......


You could see an orc warrior, an orc wizard and a gnoll.

Vanquished Creatures
  Grinder (D:3)
  Edmund (D:4)
  Duvessa (D:6)
  2 ice beasts
  A black bear (D:6)
  3 ogres (D:5)
  A phantom (D:5)
  5 kobold brigands
  A wight (D:6)
  Dowan (D:6)
  3 hounds
  A jelly (D:4)
  4 orc priests
  Jessica (D:2)
  An orc wizard (D:5)
  A sleepcap (D:5)
  Ijyb (D:3)
  Robin (D:2)
  9 gnolls
  4 river rats
  7 adders
  7 worms
  A dart slug (D:1)
  5 orcs
  8 bats
  9 endoplasms
  7 giant cockroaches
  18 goblins
  11 hobgoblins
  3 jackals (D:2)
  2 quokkas
  10 ball pythons
  2 frilled lizards
  42 kobolds
  12 rats
187 creatures vanquished.

Notes
Turn   | Place    | Note
-------+----------+-------------------------------------------
     0 | D:1      | spardeous the Demigod Conjurer began the quest for the Orb.
     0 | D:1      | Reached XP level 1. HP: 14/14 MP: 5/5
   261 | D:1      | You fall into a shaft and drop 1 floor!
   454 | D:2      | Reached XP level 2. HP: 20/20 MP: 3/7
   470 | D:2      | Learned a level 2 spell: Searing Ray
   776 | D:2      | Noticed Jessica
   784 | D:2      | Killed Jessica
   785 | D:2      | Reached skill level 4 in Conjurations
   785 | D:2      | Reached XP level 3. HP: 26/26 MP: 1/9
  1420 | D:2      | Noticed Robin
  1546 | D:1      | Reached XP level 4. HP: 33/33 MP: 9/11
  2885 | D:3      | Reached skill level 5 in Conjurations
  2959 | D:3      | Found a glowing drain.
  2982 | Sewer    | Entered a sewer
  3311 | Sewer    | Noticed a kobold brigand
  3326 | Sewer    | Killed a kobold brigand
  3327 | Sewer    | Reached XP level 5. HP: 38/38 MP: 3/12
  3553 | Sewer    | Reached skill level 6 in Conjurations
  3553 | Sewer    | Reached XP level 6. HP: 45/45 MP: 4/13
  4137 | Sewer    | Reached skill level 7 in Conjurations
  4302 | D:3      | Noticed Ijyb
  4320 | D:3      | Killed Ijyb
  4514 | D:3      | Noticed Grinder
  4523 | D:3      | Killed Grinder
  4524 | D:3      | Reached XP level 7. HP: 49/50 MP: 5/14
  5407 | D:3      | Learned a level 4 spell: Iskenderun's Mystic Blast
  5466 | D:2      | Killed Robin
  6175 | D:4      | Reached skill level 8 in Conjurations
  7305 | D:5      | Entered Level 5 of the Dungeon
  7312 | D:4      | Reached skill level 1 in Translocations
  7535 | D:5      | Noticed Edmund
  7567 | D:4      | Killed Edmund
  7851 | D:5      | Reached XP level 8. HP: 57/57 MP: 7/15
  8012 | D:5      | Reached skill level 5 in Translocations
  9058 | D:6      | Found a staircase to the Ecumenical Temple.
  9116 | D:6      | Noticed Duvessa
  9123 | D:6      | Noticed Dowan
  9128 | D:6      | Killed Duvessa
  9130 | D:6      | Killed Dowan
  9758 | D:6      | Killed by miscasting Iskenderun's Mystic Blast

Illustrated notes

Levels and vault maps discovered:
D:1:      wander_arrival_chamber, layout_loops_corners
D:2:      layout_basic, basic_altar, uniq_robin, uniq_jessica
D:3:      layout_basic, okawaru_gym_becter, serial_co_window_serial,
          co_window_corner_a, co_window_corner_a, co_window_paths_a,
          co_window_of_opportunity_a, co_window_paths_b,
          co_window_of_opportunity_a, co_window_unsneaky_path_d,
          co_window_unsneaky_path_a, co_window_paths_c,
          co_window_of_opportunity_c, co_window_of_opportunity_b,
          co_window_corner_b, co_window_paths_e, glass_columns_b,
          portal_sewer_entry_e, uniq_ijyb, uniq_grinder
D:4:      layout_loops_ring, lemuel_coloured_pillars_altar, serial_bayou_pond_b,
          moated_statue, minivault_25, fountainhead,
          hangedman_abyss_or_decor_jellyfish_corner
D:5:      kennysheep_kobold_camp, layout_cave_pools, trog_hazing_becter,
          serial_bayou, serial_bayou_pond_c, serial_bayou_crossing,
          serial_bayou_pond_d, serial_bayou_pond_a,
          hangedman_abyss_or_decor_lesser_grid, uniq_edmund
D:6:      cheibrodos_iron_armory, layout_cave_pools, kiku_gazebo_garden_becter,
          minmay_temple_entry_statues_pillars, serial_gnoll_camp,
          gnoll_camp_mini_doghouse, gnoll_camp_mini_shop,
          gnoll_camp_mini_loothouse, gnoll_camp_mini_doghouse,
          gnoll_camp_mini_basic, uniq_duvessa

Skill      XL: |  1  2  3  4  5  6  7  8 |
---------------+-------------------------+-----
Spellcasting   | 2 3 |  3.7
Conjurations   | 4 5 6 7 8 |  8.0
Translocations | 4 7 |  7.4
Dodging        | |  1.7
Stealth        | |  1.7

Action                     |  1- 3 |  4- 6 |  7- 9 || total
---------------------------+-------+-------+-------++-------
  Melee: Club              |    15 |       |       ||    15
         Dagger            |       |     8 |    19 ||    27
         Punch             |       |       |     1 ||     1
   Cast: Magic Dart        |    69 |   125 |   147 ||   341
         Searing Ray       |     2 |    13 |    37 ||    52
    Use: Potion            |       |     1 |     3 ||     4
         Scroll            |       |     1 |       ||     1
 Armour: Robe              |    10 |     5 |       ||    15
         Ring mail         |       |     1 |     1 ||     2
         Scale mail        |       |       |    41 ||    41
  Dodge: Dodged            |    21 |    18 |    75 ||   114
